 Dungeon Crawl Stone Soup version 0.26.1-2-gb8aa6d0cf2 (webtiles) character file.

Game seed: 12932537678292395625

5612 MalarOregon the Nimble (level 11, -4/74 HPs)
             Began as a Halfling Air Elementalist on Mar 28, 2021.
             Was a Believer of Ru.
             Slain by a troll (11 damage)
             ... on level 10 of the Dungeon.
             The game lasted 00:33:30 (20492 turns).

MalarOregon the Nimble (Halfling Air Elementalist) Turns: 20492, Time: 00:33:31

Health: -4/74      AC:  5    Str: 10    XL:     11   Next: 3%
Magic:  4/19       EV: 24    Int: 21    God:    Ru [**....]
Gold:   867        SH:  0    Dex: 16    Spells: 16/21 levels left

rFire    . . .     SeeInvis .   A - +5 scimitar (curse)
rCold    . . .     Faith    .   (shield restricted)
rNeg     + . .     Spirit   .   u - +0 leather armour
rPois    .         Reflect  .   (no helmet)
rElec    .         Harm     .   (no cloak)
rCorr    .         Rampage  .   b - +0 pair of gloves
Will     +++..     Clarity  +   (no boots)
Stlth    ++........             D - amulet of the Four Winds {rN+ Will+++ Clar}
HPRegen  0.22/turn              m - +4 ring of evasion
MPRegen  0.16/turn              C - +6 ring of intelligence

@: no status effects
A: small, mutation resistance 1, inexperienced 1
a: Renounce Religion, Sacrifice Durability, Sacrifice Love, Sacrifice an Eye,
Reject Sacrifices


You were on level 10 of the Dungeon.
You worshipped Ru.
Ru was pleased with you.
You visited 2 branches of the dungeon, and saw 11 of its levels.

You collected 867 gold pieces.

Inventory:

Hand Weapons
 f - a +1 whip of venom
   (You took it off a kobold on level 1 of the Dungeon)
 v - a +0 hand axe of flaming
   (You found it on level 3 of the Dungeon)
 A - a cursed +5 scimitar (weapon)
   (You took it off a wight on level 6 of the Dungeon)
Missiles
 y - 100 poisoned darts
Armour
 b - a +0 pair of gloves (worn)
   (You found it on level 1 of the Dungeon)
 u - a +0 leather armour (worn)
   (You found it on level 2 of the Dungeon)
 E - a +2 ring mail of cold resistance
   (You found it on level 1 of the Dungeon)
 G - a +0 helmet
   (You took it off Robin on level 4 of the Dungeon)
Jewellery
 k - an uncursed ring of poison resistance
   (You found it on level 1 of the Dungeon)
 m - a +4 ring of evasion (left hand)
   (You took it off a kobold on level 1 of the Dungeon)
 o - an uncursed ring of protection from cold
   (You found it on level 5 of the Dungeon)
 C - a +6 ring of intelligence (right hand)
   (You found it on level 5 of the Dungeon)
 D - the amulet of the Four Winds (around neck) {rN+ Will+++ Clar}
   (You found it on level 6 of the Dungeon)

   [amulet of nothing]

   It protects you from negative energy.
   It affects your willpower, your defense against some magical effects.
   It protects you against confusion.
Wands
 d - a wand of iceblast (4)
   (You found it on level 9 of the Dungeon)
 t - a wand of flame (14)
   (You found it on level 5 of the Dungeon)
 x - a wand of acid (3)
   (You found it on level 8 of the Dungeon)
 I - a wand of polymorph (7)
   (You found it on level 7 of the Dungeon)
Scrolls
 h - a scroll of fog {unknown}
 i - 2 scrolls of fear {unknown}
 p - 4 scrolls of enchant armour {unknown}
 q - 2 scrolls of remove curse {@r2}
 r - 7 scrolls of teleportation {@r4}
 w - 2 scrolls of blinking {unknown}
 B - 2 scrolls of magic mapping {unknown}
 F - a scroll of enchant weapon {unknown}
 J - a scroll of vulnerability {unknown}
 K - 4 scrolls of identify {@r1}
 M - 3 scrolls of immolation {!r}
 O - a scroll of acquirement {unknown}
Potions
 a - a potion of attraction {unknown}
 c - 8 potions of curing {@q1}
 e - 2 potions of magic
 g - 3 potions of haste {@q3}
 j - a potion of lignification {unknown}
 l - 2 potions of mutation {unknown}
 n - a potion of ambrosia {unknown}
 s - a potion of might {unknown}
 z - a potion of flight {unknown}
 H - a potion of brilliance {unknown}
 L - 2 potions of resistance {unknown}
 N - a potion of cancellation {unknown}


   Skills:
 + Level 6.6 Fighting
 + Level 4.9 Long Blades
 + Level 8.0 Armour
 + Level 8.3 Dodging
 - Level 2.1 Stealth
 + Level 5.8 Spellcasting
 - Level 1.0 Conjurations
 + Level 8.0 Air Magic


You had 16 spell levels left.
You knew the following spells:

 Your Spells              Type           Power        Failure   Level
a - Airstrike             Air            19%          4%          4
b - Shock                 Conj/Air       100%         1%          1

Your spell library contained the following spells:

 Spells                   Type           Power        Failure   Level
 Swiftness                Air            39%          1%          2
 Corpse Rot               Necr/Air       N/A          3%          2
 Static Discharge         Conj/Air       25%          6%          3
 Stone Arrow              Conj/Erth      16%          30%         3
 Confusing Touch          Hex            6%           36%         3
 Gell's Gravitas          Tloc           3%           36%         3
 Lightning Bolt           Conj/Air       12%          50%         5
 Petrify                  Tmut/Erth      6%           77%         4
 Metabolic Englaciation   Hex/Ice        3%           98%         5
 Summon Forest            Summ/Tloc      3%           98%         5
 Yara's Violent Unravell  Hex/Tmut       3%           98%         5
 Eringya's Noxious Bog    Tmut/Pois      3%           100%        6
 Hydra Form               Tmut           3%           100%        6
 Summon Hydra             Summ           3%           100%        7


Dungeon Overview and Level Annotations

Branches:
Dungeon (10/15)            Temple (1/1) D:6            Lair (0/6) D:9
    Orc: D:9-12

Altars:
Ashenzari
Cheibriados
Dithmenos
Elyvilon
Fedhas
Gozag
Hepliaklqana
Kikubaaqudgha
Makhleb
Nemelex Xobeh
Okawaru
Qazlal
Ru
Sif Muna
Trog
Uskayaw
Vehumet
Wu Jian
Xom
Yredelemnul
Zin
The Shining One

Shops:
D:7 =


Innate Abilities, Weirdness & Mutations

You are small and have problems with some larger weapons.
You are somewhat resistant to further mutation.
You are somewhat inexperienced. (-2 XL)


Message History

The eye of draining gazes at you.
You feel your power leaking away. The orc closely misses you.
You riposte.
You hit the orc. You slash the orc!
You kill the orc!
You have reached level 11!
You hit the eye of draining.
Unknown command.
You slash the eye of draining! The eye of draining gazes at you.
You slash the eye of draining! You hit the eye of draining.
You redirect the eye of draining's attack!
You slash the eye of draining! You slash the eye of draining!
You kill the eye of draining!
You barely miss the ice beast. The ice beast misses you.
You riposte.
You closely miss the ice beast. The ice beast hits you.
The ice beast freezes you.
You barely miss the ice beast. The ice beast hits you.
The ice beast freezes you.
* * * LOW HITPOINT WARNING * * *
You closely miss the ice beast. The ice beast barely misses you.
You riposte.
You slash the ice beast! You barely miss the ice beast.
The ice beast completely misses you.
You hit the ice beast.
A troll comes into view.
The ice beast barely misses you.
You barely miss the ice beast.
The ice beast hits you but does no damage.
The troll shouts!
You slash the ice beast! The ice beast barely misses you.
You hit the ice beast. The ice beast misses you.
You riposte.
You slash the ice beast!
You kill the ice beast!
You slash the troll! The troll misses you. The troll claws you!
* * * LOW HITPOINT WARNING * * *
The troll completely misses you.
Ru believes you are ready to make a new sacrifice.
You closely miss the troll. The troll completely misses you.
You riposte.
You hit the troll. The troll closely misses you. The troll barely misses you.
You slash the troll! The troll completely misses you.
You riposte.
You slash the troll! The troll completely misses you. x2
You closely miss the troll. The troll completely misses you.
The troll claws you!
* * * LOW HITPOINT WARNING * * *
The troll claws you.
* * * LOW HITPOINT WARNING * * *
The troll completely misses you. The troll misses you. The troll claws you!
You die...

#)# ###### .#.# #.. #)#
##....##... #.. #)###
##......##.. #..
#...###..#.†#..#'# #.#
###.#.'...##...#.#......
#.#
#..('...##...#.#...#.
#.#
#..##..#).#..'.#....#
#.#
#.(###......##.#...$#
#.# #..# ##....###@#G..#
#.# #..# ###### #T#...
#.# #..# ####'#'# #..
#..# #......# ### #..#
#....[.# #..# #.)##..#
#..# #.. #.[# ##### #..#
######(. ...# ##....
#..# #....#. ...' #.....


You could see a troll.

Vanquished Creatures
  2 two-headed ogres
  2 trolls (D:10)
  Grinder (D:6)
  A wraith (D:10)
  A wyvern (D:10)
  4 yaks (D:9)
  A steam dragon (D:7)
  Duvessa (D:4)
  4 ice beasts
  7 orc warriors
  6 sky beasts
  An eye of draining (D:10)
  2 phantoms
  A necrophage (D:9)
  8 ogres
  6 centaurs
  5 bullfrogs
  Dowan (D:4)
  A water moccasin zombie (D:6)
  A killer bee (D:10)
  3 howler monkeys
  9 wights
  3 quasits
  A bullfrog zombie (D:5)
  4 hounds
  7 orc priests
  5 jellies
  5 orc wizards
  A bullfrog skeleton (D:8)
  A centaur skeleton (D:4)
  3 iguanas
  4 worker ants
  A killer bee zombie (D:10)
  A hound zombie (D:9)
  2 hound skeletons
  Robin (D:4)
  A worker ant zombie (D:8)
  A gnoll (D:1)
  11 adders
  3 shadow imps
  3 white imps
  An ufetubus (D:7)
  An adder skeleton (D:6)
  2 worms (D:4)
  A dart slug (D:4)
  6 leopard geckos
  50 orcs
  5 giant cockroaches
  12 goblins
  10 hobgoblins
  17 jackals
  6 quokkas
  11 bats
  4 frilled lizards
  7 kobolds
  11 rats
270 creatures vanquished.

Notes
Turn   | Place    | Note
-------+----------+-------------------------------------------
     0 | D:1      | MalarOregon the Halfling Air Elementalist began the quest
                  | for the Orb.
     0 | D:1      | Reached XP level 1. HP: 11/11 MP: 3/3
   336 | D:1      | Reached XP level 2. HP: 17/17 MP: 0/4
   395 | D:1      | Reached skill level 1 in Conjurations
   660 | D:1      | Reached XP level 3. HP: 16/22 MP: 5/5
   861 | D:1      | Reached skill level 1 in Armour
  1322 | D:1      | Reached skill level 1 in Fighting
  1821 | D:1      | Reached XP level 4. HP: 24/28 MP: 6/6
  3110 | D:3      | Found a shimmering altar of Xom.
  3236 | D:3      | Found a sacrificial altar of Ru.
  3284 | D:3      | Reached XP level 5. HP: 33/33 MP: 2/8
  4091 | D:3      | Learned a level 4 spell: Airstrike
  4101 | D:3      | Found a faded altar of an unknown god.
  4513 | D:4      | Reached XP level 6. HP: 30/39 MP: 1/9
  5053 | D:4      | Noticed Robin
  5072 | D:4      | Killed Robin
  5317 | D:4      | Noticed an orc warrior
  5395 | D:4      | Found a hide-covered altar of Uskayaw.
  5979 | D:4      | Found an ornate altar of the Wu Jian Council.
  6155 | D:4      | Reached XP level 7. HP: 43/45 MP: 6/10
  6252 | D:4      | Noticed Duvessa
  7317 | D:5      | Entered Level 5 of the Dungeon
  7339 | D:5      | Found a hazy altar of Hepliaklqana.
  7411 | D:5      | Got an encrusted scale mail
  7744 | D:5      | Reached XP level 8. HP: 49/52 MP: 12/12
  8195 | D:6      | Found the amulet of the Four Winds {rN+ Will+++ Clar}
  8251 | D:6      | Reached skill level 5 in Air Magic
  8517 | D:6      | Reached skill level 5 in Dodging
  8815 | D:6      | Found a staircase to the Ecumenical Temple.
  8906 | D:6      | Identified the +4 scale mail "Yqoakh" {*Slow rPois Int+6}
                  | (You found it on level 5 of the Dungeon)
  9056 | D:6      | Noticed Grinder
  9218 | Temple   | Entered the Ecumenical Temple
  9830 | D:7      | Reached XP level 9. HP: 40/58 MP: 14/14
 10030 | D:6      | Paralysed by Grinder for 7 turns
 10381 | D:4      | Noticed a spectral centipede
 10677 | D:6      | Reached skill level 5 in Armour
 12197 | D:4      | Noticed Dowan
 12201 | D:4      | Killed Duvessa
 12233 | D:4      | Killed Dowan
 12646 | D:3      | Became a worshipper of Ru the Awakened
 12720 | D:5      | Found a hazy altar of Hepliaklqana.
 13855 | D:6      | Found a staircase to the Ecumenical Temple.
 13865 | D:6      | Killed Grinder
 13866 | D:6      | Reached skill level 1 in Long Blades
 14263 | D:7      | Reached skill level 5 in Fighting
 14578 | D:7      | Reached XP level 10. HP: 66/66 MP: 0/16
 14721 | D:7      | Found Doishi's Jewellery Shoppe.
 16108 | D:8      | Reached skill level 5 in Spellcasting
 16229 | D:8      | Gained mutation: You are somewhat inexperienced. (-2 XL)
                  | [Ru sacrifice]
 16229 | D:8      | Reached XP level 9. HP: 61/61 MP: 13/16
 16229 | D:8      | Reached XP level 8. HP: 56/56 MP: 13/15
 16229 | D:8      | Reached * piety under Ru
 16229 | D:8      | Reached ** piety under Ru
 16797 | D:8      | Found a white marble altar of Elyvilon.
 16824 | D:8      | Found a burning altar of Makhleb.
 17215 | D:9      | Noticed a two-headed ogre
 17267 | D:9      | Found a staircase to the Lair.
 17378 | D:9      | Reached XP level 9. HP: 62/62 MP: 7/16
 18330 | D:9      | Killed a two-headed ogre
 18331 | D:9      | Reached XP level 10. HP: 53/68 MP: 4/18
 18762 | D:10     | Entered Level 10 of the Dungeon
 19935 | D:10     | Noticed a two-headed ogre
 19949 | D:10     | Killed a two-headed ogre
 20473 | D:10     | Reached XP level 11. HP: 50/74 MP: 0/19
 20492 | D:10     | Slain by a troll

Illustrated notes

Levels and vault maps discovered:
D:1:      minmay_arrival_floating_metal, layout_basic
D:2:      layout_rooms
D:3:      layout_loops_cross, lemuel_round_altar,
          nicolae_overflow_hidden_temple, chequers_ecumenical_altar_grove
D:4:      layout_loops_ring, pdpol_wu_jian_five_deadly_venoms,
          kennysheep_little_box, uniq_duvessa, uniq_robin
D:5:      layout_basic, lemuel_doored_altar
D:6:      layout_loops_ring, minmay_temple_entry_purple_smoke,
          grunt_ministairs_10, uniq_grinder
D:7:      layout_basic, serial_shops, shop
D:8:      layout_basic, makhleb_heckhound_becter, general_overflow_altar
D:9:      layout_roguey, lair_entry_dummy
D:10:     minmay_polygon_palace, layout_loops_ring, uniq_maggie
Temple:   regret_index_temple_waves

Skill      XL: |  1  2  3  4  5  6  7  8  9 10 |
---------------+-------------------------------+-----
Conjurations   | 1 |  1.0
Armour         | 1 2 3 4 7 8 |  8.0
Fighting       | 1 2 3 4 6 |  6.6
Spellcasting   | 2 3 4 5 |  5.8
Dodging        | 3 4 5 6 8 |  8.3
Air Magic      | 4 7 6 8 |  8.0
Long Blades    | 3 4 2 |  4.9
Stealth        | |  2.1

Action                   |  1- 3 |  4- 6 |  7- 9 | 10-12 || total
-------------------------+-------+-------+-------+-------++-------
Melee: Spear             |     1 |       |       |       ||     1
       Whip              |    54 |   130 |   225 |       ||   409
       Short sword       |       |    33 |       |       ||    33
       Scimitar          |       |       |    53 |   121 ||   174
       Hand axe          |       |       |    74 |       ||    74
Throw: Dart              |       |       |     5 |    29 ||    34
 Cast: Shock             |    34 |   108 |     1 |       ||   143
       Airstrike         |       |       |    63 |    76 ||   139
Invok: Sacrifice Experie |       |       |     1 |       ||     1
Evoke: Wand              |       |       |     3 |     3 ||     6
  Use: Scroll            |       |     1 |     8 |     1 ||    10
       Potion            |       |       |     1 |       ||     1
 Stab: Sleeping          |       |     2 |     4 |       ||     6
Armor: Robe              |    15 |     8 |       |       ||    23
       Leather armour    |       |    21 |    34 |     8 ||    63
Dodge: Dodged            |    65 |   183 |   374 |   186 ||   808
       Rpst.: Scimitar   |       |       |    25 |    41 ||    66
